 Seeded DCSS version 0.30.1-9-gdf580d7c3d (webtiles) character file.

Game seed: 1488530604685760082 (custom seed)

7352 tkbsonic5 the Fighter (level 10, 0/97 HPs)
             Began as a Minotaur Fighter on Oct 24, 2023.
             Killed from afar by an electric eel (13 damage)
             ... with a bolt of electricity
             ... on level 10 of the Dungeon.
             The game lasted 00:12:35 (8413 turns).

tkbsonic5 the Fighter (Minotaur Fighter)            Turns: 8413, Time: 00:12:35

Health: 0/97       AC: 16    Str: 29    XL:     10   Next: 91%
Magic:  9/9        EV:  7    Int:  5    God:
Gold:   612        SH:  5    Dex:  9    Spells: 9/9 levels left

rFire   . . .        s - +11 broad axe "Minotaur's Regret" {spect, Str+3}
rCold   . . .        c - +0 buckler
rNeg    . . .        r - +0 plate armour
rPois   +            (helmet restricted)
rElec   .            k - +0 cloak
rCorr   .            (no gloves)
SInv    +            g - +0 pair of boots
Will    .....        (no amulet) Stlth
                     y - ring of see invisible
HPRegen 0.36/turn    J - ring of poison resistance
MPRegen 0.11/turn

%: no passive effects
@: hasted, very quick
A: horns 2, retaliatory headbutt
a: no special abilities


You were on level 10 of the Dungeon.
You visited 1 branch of the dungeon, and saw 9 of its levels.
You also visited: Sewer.

You collected 612 gold pieces.

Inventory:

Hand Weapons
 a - a +0 war axe of venom
 s - the +11 broad axe "Minotaur's Regret" (weapon) {spect, Str+3}
   (You found it on level 3 of the Dungeon)

   Str:       It affects your strength (+3).
Armour
 b - a +0 scale mail
 c - a +0 buckler (worn)
 g - a +0 pair of boots (worn)
 k - a +0 cloak (worn)
 r - a +0 plate armour (worn)
 t - the orb of Haez {guile, Rampage rCorr Int+2 Dex-3}
   (You found it on level 10 of the Dungeon)

   Int:       It affects your intelligence (+2).
   Dex:       It affects your dexterity (-3).
   rCorr:     It protects you from acid and corrosion.
   Rampage:   It bestows one free step when moving towards enemies.
Jewellery
 q - a +6 ring of intelligence
 u - a +6 ring of intelligence
 y - a ring of see invisible (left hand)
 J - a ring of poison resistance (right hand)
Wands
 j - a wand of roots (5)
 m - a wand of flame (44)
 v - a wand of acid (4)
 H - a wand of paralysis (7)
Scrolls
 e - 2 scrolls of fog
 i - a scroll of amnesia
 o - 2 scrolls of enchant armour {unknown}
 p - a scroll of blinking
 w - 2 scrolls of vulnerability
 B - a scroll of torment {unknown}
 E - a scroll of enchant weapon {unknown}
 F - 2 scrolls of teleportation
 G - a scroll of fear
 I - a scroll of summoning
 K - 3 scrolls of silence
Potions
 d - 3 potions of might
 f - a potion of flight {unknown}
 h - 5 potions of attraction
 l - a potion of curing
 n - a potion of mutation
 x - a potion of heal wounds {unknown}
 z - 2 potions of ambrosia {unknown}
 D - a potion of brilliance {unknown}


   Skills:
 * Level 12.1 Fighting
 * Level 11.8 Axes
 + Level 9.1 Armour
 + Level 9.0 Shields


You had 9 spell levels left.
You didn't know any spells.
Your spell library contained the following spells:

 Spells                   Type           Power      Damage    Failure   Level
 Apportation              Tloc           0%         N/A       99%         1
 Necrotise                Necr           0%         1d4       99%         1
 Sandblast                Erth           0%         2d4       99%         1
 Summon Small Mammal      Summ           0%         N/A       99%         1
 Passwall                 Tmut/Erth      0%         N/A       100%        2
 Static Discharge         Conj/Air       0%         2-2/arc   100%        2
 Stone Arrow              Conj/Erth      0%         3d7       100%        3
 Airstrike                Air            0%         2d(0-16)  100%        4
 Summon Ice Beast         Ice/Summ       0%         N/A       100%        4
 Summon Lightning Spire   Summ/Air       0%         N/A       100%        4
 Summon Mana Viper        Hex/Summ       0%         N/A       100%        5
 Monstrous Menagerie      Summ           0%         N/A       100%        7


Dungeon Overview and Level Annotations

Branches:
Dungeon (10/15)              Lair (0/5) D:9             Orc (0/2) D:10
  Sewer (visited)
 Temple: D:4-7

Altars:
Elyvilon
Gozag
Ru
Trog
Uskayaw
The Shining One

Shops:
D:1 (


Innate Abilities, Weirdness & Mutations

You have a pair of horns on your head.
You reflexively headbutt those who attack you in melee.


Message History

The electric eel completely resists.
The bolt of electricity hits you!
You are too injured to fight recklessly!
You are too injured to fight recklessly!
The electric eel shoots out a bolt of lightning at you!
The bolt of electricity hits the electric eel.
The electric eel completely resists.
The bolt of electricity hits the electric eel.
The electric eel completely resists.
The bolt of electricity hits you.
The electric eel shoots out a bolt of lightning at you!
The bolt of electricity hits you.
The electric eel shoots out a bolt of lightning at you!
The bolt of electricity hits the plant!
The bolt of electricity hits the electric eel.
The electric eel completely resists.
The bolt of electricity hits you!
* * * LOW HITPOINT WARNING * * *
You feel yourself speed up.
A nearby plant withers and dies.
The electric eel shoots out a bolt of lightning at you!
The bolt of electricity hits you!
* * * LOW HITPOINT WARNING * * *
The electric eel shoots out a bolt of lightning at you!
The bolt of electricity hits the plant!
The bolt of electricity hits the electric eel.
The electric eel completely resists.
The bolt of electricity hits you!
* * * LOW HITPOINT WARNING * * *
You feel better.
The electric eel shoots out a bolt of lightning at you!
The bolt of electricity hits the plant!
The bolt of electricity hits the electric eel.
The electric eel completely resists.
The bolt of electricity hits you!
* * * LOW HITPOINT WARNING * * *
You feel better.
You feel better.
A nearby plant withers and dies.
The electric eel shoots out a bolt of lightning at you!
The bolt of electricity hits the electric eel.
The electric eel completely resists.
The bolt of electricity hits you!
* * * LOW HITPOINT WARNING * * *
The electric eel shoots out a bolt of lightning at you!
The bolt of electricity hits the electric eel.
The electric eel completely resists.
The bolt of electricity hits you!
You die...

....#.....#### #####
..#.....#....###≈≈# ...
.####...####..##≈≈≈ ....
###.....###...#≈≈≈##....
#.###......~≈≈SS~.....
###.#####..~.~P≈≈~......
....##....P~≈≈≈≈~~~....~
###....P.~.~~≈~~S~.....~
....~~~~~P≈~≈≈≈~@.......
..~.~≈P~~≈≈≈≈~~~..#.##..
.~.~~P≈≈≈≈≈P~≈~..##
≈~~≈≈≈≈≈≈~~P.....##.#
~~≈≈≈≈≈≈≈≈~.~..$....#
~≈≈≈≈~≈~~≈~...##.####
~P~≈~..~.~~.....)#
.~~~..........####
.............##


You could see 3 electric eels.

Vanquished Creatures
  A deep elf pyromancer (D:10)
  An ugly thing (D:10)
  Maurice (D:10)
  Psyche (D:10)
  2 trolls
  A wraith (D:10)
  A vampire (D:10)
  8 yaks (D:10)
  A basilisk (D:10)
  A vampire mosquito (D:10)
  An acid dragon (D:10)
  6 orc warriors
  A sky beast (D:7)
  4 boggarts (D:10)
  An ogre (D:5)
  2 centaurs (D:9)
  A phantom (D:7)
  3 kobold brigands
  A bullfrog (D:8)
  Blork the orc (D:5)
  A gnoll sergeant (D:8)
  A scorpion (D:7)
  4 wights (D:8)
  5 killer bees (D:9)
  An electric eel (D:10)
  7 howler monkeys
  2 hounds (D:5)
  10 orc priests
  3 gnoll boudas
  An iguana (D:7)
  8 orc wizards
  25 gnolls
  12 adders
  A river rat (Sewer)
  An ufetubus (D:7)
  2 worms
  A dart slug (D:2)
  32 orcs
  9 endoplasms
  3 giant cockroaches
  4 goblins
  12 hobgoblins
  19 kobolds
  A quokka (D:1)
  7 ball pythons
  6 bats
  9 frilled lizards
  11 rats
237 creatures vanquished.

Vanquished Creatures (collateral kills)
  A ball python (D:2)
1 creature vanquished.

Vanquished Creatures (others)
  A boggart (D:10)
1 creature vanquished.

Grand Total: 239 creatures vanquished

Notes
Turn   | Place    | Note
-------+----------+-------------------------------------------
     0 | D:1      | tkbsonic5 the Minotaur Fighter began the quest for the Orb.
     0 | D:1      | Reached XP level 1. HP: 19/19 MP: 0/0
   161 | D:1      | Reached XP level 2. HP: 24/27 MP: 1/1
   203 | D:1      | Reached skill level 4 in Fighting
   420 | D:1      | Found a faded altar of an unknown god.
   458 | D:1      | Found Dyac's Weapon Shop.
   723 | D:2      | Reached XP level 3. HP: 23/33 MP: 2/2
   976 | D:2      | Reached XP level 4. HP: 41/41 MP: 3/3
  1378 | D:3      | Found an opulent altar of Gozag.
  1673 | D:3      | Identified the +11 broad axe "Minotaur's Regret" {spect,
                  | Str+3}
  2079 | D:3      | Found a large runed translucent door.
  2080 | D:3      | Found a large runed translucent door.
  2177 | D:3      | Found a bloodstained altar of Trog.
  2183 | D:3      | Found a hide-covered altar of Uskayaw.
  2242 | D:4      | Reached XP level 5. HP: 47/47 MP: 4/4
  2346 | D:4      | Reached skill level 5 in Fighting
  2505 | D:5      | Entered Level 5 of the Dungeon
  2543 | D:5      | Noticed an ogre
  2547 | D:5      | Killed an ogre
  2548 | D:5      | Reached XP level 6. HP: 56/56 MP: 5/5
  2592 | D:5      | Noticed Blork the orc
  2596 | D:5      | Killed Blork the orc
  2597 | D:5      | Reached skill level 5 in Axes
  2597 | D:5      | Noticed a troll
  2601 | D:5      | Reached skill level 5 in Shields
  2603 | D:5      | Killed a troll
  2604 | D:5      | Reached skill level 6 in Fighting
  2604 | D:5      | Reached skill level 5 in Armour
  2604 | D:5      | Reached XP level 7. HP: 51/64 MP: 6/6
  2691 | D:5      | Found a glowing drain.
  2708 | Sewer    | Entered a sewer
  3470 | D:5      | You fall into a shaft and drop 3 floors!
  3585 | D:7      | Reached skill level 7 in Fighting
  3764 | D:7      | Reached XP level 8. HP: 73/73 MP: 7/7
  4469 | D:8      | Reached skill level 8 in Fighting
  5090 | D:8      | Found a sacrificial altar of Ru.
  5169 | D:8      | Reached skill level 9 in Fighting
  5170 | D:8      | Reached XP level 9. HP: 83/83 MP: 8/8
  6392 | D:9      | Found a white marble altar of Elyvilon.
  6740 | D:9      | Reached skill level 10 in Fighting
  6801 | D:9      | Found a staircase to the Lair.
  6993 | D:10     | Entered Level 10 of the Dungeon
  7035 | D:10     | Noticed Maurice
  7050 | D:10     | Reached skill level 10 in Axes
  7071 | D:10     | Reached XP level 10. HP: 29/94 MP: 9/9
  7078 | D:10     | Killed Maurice
  7329 | D:10     | Reached skill level 11 in Fighting
  7370 | D:10     | Noticed Psyche
  7376 | D:10     | Killed Psyche
  7569 | D:10     | Identified the orb of Haez {guile, Rampage rCorr Int+2
                  | Dex-3}
  7647 | D:10     | Found a staircase to the Orcish Mines.
  7715 | D:10     | Noticed a white ugly thing
  7716 | D:10     | Noticed a deep elf pyromancer
  7979 | D:10     | Killed a deep elf pyromancer
  8053 | D:10     | Killed a white ugly thing
  8164 | D:10     | Reached skill level 12 in Fighting
  8206 | D:10     | Found a glowing golden altar of the Shining One.
  8410 | D:10     | HP: 4/97 [electric eel/bolt of electricity (11)]
  8413 | D:10     | Killed from afar by an electric eel

Illustrated notes

Levels and vault maps discovered:
D:1:      nzn_arrival_settlement, layout_loops_ring, serial_shops, shop,
          hellmonk_ecumenical_altar_arch_garden, minmay_tetromino_t4
D:2:      layout_basic
D:3:      layout_loops_corners, old_standard_altar, jmf_multi_god_temple2,
          st_stairs_9
D:4:      layout_basic, serial_shops, nicolae_square_shop, enter_ossuary_5,
          skrybe_limestone_x, uniq_pikel
D:5:      layout_cave_pods, temple_fountains, portal_sewer_entry_d,
          serial_glass, glass_columns_c, glass_columns_b, minmay_ruined_shrine,
          uniq_eustachio, uniq_blork_the_orc
D:7:      layout_basic
D:8:      layout_layer_cave, nicolae_ru_sacrificial_ziggurat,
          nicolae_grassy_gnolls
D:9:      layout_rooms, elyvilon_altar_3, dpeg_oklobed_lair,
          hangedman_decor_diamond_cutter
D:10:     layout_rooms, tso_metal_star, orc_0_dummy, serial_rivers,
          chequers_serial_rivers_micro_c, chequers_serial_rivers_micro_b,
          chequers_serial_rivers_micro_d, chequers_serial_rivers_micro_b,
          chequers_serial_rivers_micro_d, chequers_big_river,
          minmay_mirror_moons_of_madness, uniq_maurice, uniq_psyche

Skill      XL: |  1  2  3  4  5  6  7  8  9 10 |
---------------+-------------------------------+-----
Fighting       | 4 5 6 7 9 10 12 | 12.1
Axes           | 3 4 5 6 8 10 11 | 11.8
Shields        | 4 5 6 7 9 |  9.0
Armour         | 4 5 6 8 9 |  9.1

Action                     |  1- 3 |  4- 6 |  7- 9 | 10-12 || total
---------------------------+-------+-------+-------+-------++-------
  Melee: War axe           |    64 |    25 |       |       ||    89
         Headbutt          |     8 |     7 |    16 |     8 ||    39
         Broad axe         |       |    39 |   171 |    46 ||   256
  Evoke: Wand              |       |       |       |     1 ||     1
    Use: Scroll            |     2 |     8 |     4 |     4 ||    18
         Potion            |       |       |    10 |     4 ||    14
   Stab: Invisible         |       |       |     1 |       ||     1
 Armour: Scale mail        |    35 |    10 |       |       ||    45
         Plate armour      |       |    18 |    89 |    19 ||   126
  Dodge: Dodged            |    38 |    26 |    56 |     4 ||   124
  Block: Buckler           |    22 |    12 |    56 |     6 ||    96
